 Dungeon Crawl Stone Soup version 0.22.1-2-g9c5b331 (webtiles) character file.

558 Yuikono the Summoner (level 7, -2/36 HPs)
             Began as a Tengu Summoner on Dec 17, 2018.
             Was a Follower of Yredelemnul.
             Killed by nerve-wracking pain
             ... invoked by a shadow imp
              (8 damage)
             ... on level 5 of the Dungeon.
             The game lasted 00:28:01 (6217 turns).

Yuikono the Summoner (Tengu Summoner)               Turns: 6217, Time: 00:28:03

Health: -2/36      AC:  5    Str:  8    XL:     7   Next: 31%
Magic:  1/15       EV: 13    Int: 17    God:    Yredelemnul [*.....]
Gold:   496        SH:  0    Dex: 20    Spells: 7/16 levels left

rFire    . . .     SeeInvis .   d - +0 dagger
rCold    . . .     Gourm    .   (no shield)
rNeg     . . .     Faith    .   a - +0 robe
rPois    .         Spirit   .   n - +2 hat
rElec    .         Reflect  .   o - +0 cloak
rCorr    .         Harm     .   (no gloves)
MR       .....                  (boots unavailable)
Stlth    +++.......             (no amulet)
HPRegen  0.12/turn              i - ring of stealth
MPRegen  0.14/turn              j - +5 ring of dexterity

@: no status effects
A: beak, talons 3, able to fly 1
a: Fly, Animate Remains, Renounce Religion


You were on level 5 of the Dungeon.
You worshipped Yredelemnul.
Yredelemnul was aware of your devotion.
You were hungry.

You visited 2 branches of the dungeon, and saw 6 of its levels.

You collected 496 gold pieces.

Inventory:

Hand Weapons
 d - a +0 dagger (weapon)
 t - a +1 hunting sling of freezing
Missiles
 b - 50 bolts
 f - 48 sling bullets
 k - 178 stones (quivered)
 p - 5 tomahawks
 u - 8 needles of paralysis
Armour
 a - a +0 robe (worn)
 n - a +2 hat (worn)
 o - a +0 cloak (worn)
 r - a +0 buckler
Jewellery
 i - a ring of stealth (left hand)
 j - a +5 ring of dexterity (right hand)
Wands
 v - a wand of enslavement (13)
 y - a wand of random effects (17)
Scrolls
 e - 2 scrolls of fear {unknown}
 l - 4 scrolls of teleportation
 m - 3 scrolls of enchant weapon
 s - 2 scrolls of blinking
Potions
 g - 2 potions of heal wounds {unknown}
 h - a potion of agility {unknown}
 q - a potion of haste {unknown}
 x - a potion of magic {unknown}
 z - a potion of curing {unknown}
 A - a potion of might {unknown}
Comestibles
 c - 4 rations


   Skills:
 - Level 2.1 Dodging
 - Level 2.0 Stealth
 + Level 5.2 Spellcasting
 + Level 8.0 Summonings


You had 7 spell levels left.
You knew the following spells:

 Your Spells              Type           Power        Failure   Level  Hunger
a - Summon Small Mammal   Summ           ####         1%          1    None
b - Call Imp              Summ           ####....     1%          2    #......
c - Call Canine Familiar  Summ           ####....     1%          3    ###....
d - Summon Guardian Gole  Hex/Summ       ###.....     8%          3    ###....

Your spell library contained the following spells:

 Spells                   Type           Power        Failure   Level  Hunger
 Summon Ice Beast         Ice/Summ       ###.....     26%         4    ####...
 Summon Lightning Spire   Summ/Air       ###.....     26%         4    ####...


Dungeon Overview and Level Annotations

Branches:
Dungeon (5/15)             Temple (1/1) D:4

Altars:
Ashenzari
Cheibriados
Dithmenos
Elyvilon
Gozag
Hepliaklqana
Okawaru
Ru
Sif Muna
Trog
Uskayaw
Vehumet
Xom
Yredelemnul
The Shining One


Innate Abilities, Weirdness & Mutations

You have a beak for a mouth.
You have claws for feet.
You can fly.


Message History

Your bat hits the shadow imp but does no damage.
The shadow imp closely misses your bat.
Casting: Summon Small Mammal (safe; 1% risk of failure)
Confirm with . or Enter, or press ? or * to list all spells.
Your bat barely misses the shadow imp.
The shadow imp closely misses your bat.
Your bat barely misses the shadow imp.
You are feeling hungry.
You closely miss the shadow imp.
Your bat hits the shadow imp but does no damage.
The shadow imp barely misses you.
You barely miss the shadow imp.
Your rat closely misses the shadow imp.
The shadow imp lashes its tail.
The shadow imp closely misses you.
Your crimson imp misses the shadow imp.
You hit the shadow imp but do no damage.
Your bat barely misses the shadow imp.
Your rat bites the shadow imp but does no damage.
The shadow imp gestures at you. Pain shoots through your body!
You die...
Your body rises from the dead as a mindless zombie.

#.....)....#
#..........#
#.#.#.#....# #
#.#.#....# #
#g#....#
#8#############
#.#####r......#
#...[55.......#
..........)#@b.....#
...........#.......#
....5......#.......#
...........#.......#
...........#..†...<#
...........#.......#
...........#.......#
###'######
#........#


You could see a shadow imp, a friendly crimson imp, a friendly bat and a
friendly rat.

Vanquished Creatures
  2 orc priests
  2 orc wizards (D:4)
  An iguana (D:4)
  Natasha (thrice) (D:4)
  A worker ant (D:4)
  A hound zombie (D:5)
  2 gnolls
  2 adders
  A worm (D:3)
  A dart slug (D:3)
  3 leopard geckos
  14 orcs
  5 giant cockroaches
  7 goblins
  5 hobgoblins
  A jackal (D:4)
  6 bats
  3 frilled lizards
  7 kobolds
  A leopard gecko zombie (D:5)
  7 rats
75 creatures vanquished.

Vanquished Creatures (collateral kills)
  A phantom (D:4)
  An orc priest (D:5)
  Ijyb (D:5)
  An iguana (D:4)
  9 gnolls
  2 adders
  3 worms
  2 leopard geckos
  10 orcs
  2 ball pythons
  A bat (D:2)
  A giant cockroach (D:2)
  3 goblins
  2 hobgoblins
  3 jackals (D:4)
  A frilled lizard (D:1)
  3 kobolds
  3 rats (D:2)
49 creatures vanquished.

Grand Total: 124 creatures vanquished

Notes
Turn   | Place    | Note
-------+----------+-------------------------------------------
     0 | D:1      | Yuikono the Tengu Summoner began the quest for the Orb.
     0 | D:1      | Reached XP level 1. HP: 10/10 MP: 4/4
   219 | D:1      | Reached skill level 5 in Summonings
   512 | D:1      | Reached XP level 2. HP: 15/15 MP: 6/6
   974 | D:1      | Learned a level 2 spell: Call Imp
  1551 | D:2      | Noticed a moth of wrath
  1553 | D:2      | Found a bloodstained altar of Trog.
  1564 | D:2      | Reached XP level 3. HP: 14/19 MP: 0/7
  2233 | D:2      | Found a faded altar of an unknown god.
  2248 | D:2      | Became a worshipper of Gozag Ym Sagoz the Greedy
  2338 | D:3      | Reached XP level 4. HP: 24/24 MP: 9/9
  2802 | D:3      | Reached skill level 6 in Summonings
  3669 | D:4      | Gained mutation: You can fly. [Tengu growth]
  3669 | D:4      | Reached XP level 5. HP: 28/28 MP: 11/11
  4018 | D:4      | Learned a level 3 spell: Call Canine Familiar
  4022 | D:4      | Learned a level 3 spell: Summon Guardian Golem
  4054 | D:4      | Noticed Natasha
  4061 | D:4      | Killed Natasha
  4187 | D:4      | Found a shattered altar of Ashenzari.
  4310 | D:4      | Reached XP level 6. HP: 15/32 MP: 9/13
  4332 | D:4      | Reached skill level 7 in Summonings
  4500 | D:4      | Found a shadowy altar of Dithmenos.
  4500 | D:4      | Noticed a phantom
  4537 | D:4      | Killed a phantom
  4807 | D:4      | Found a staircase to the Ecumenical Temple.
  4813 | Temple   | Entered the Ecumenical Temple
  4996 | Temple   | Fell from the grace of Gozag
  4996 | Temple   | Became a worshipper of Yredelemnul the Dark
  5081 | D:4      | Found a hazy altar of Hepliaklqana.
  5107 | D:4      | Noticed Natasha
  5113 | D:4      | Killed Natasha
  5607 | D:4      | Noticed Natasha
  5616 | D:4      | Killed Natasha
  5719 | D:5      | Entered Level 5 of the Dungeon
  5727 | D:5      | Reached XP level 7. HP: 36/36 MP: 11/15
  5968 | D:5      | Reached skill level 5 in Spellcasting
  6112 | D:5      | Noticed Ijyb
  6118 | D:5      | Killed Ijyb
  6141 | D:5      | Reached skill level 8 in Summonings
  6198 | D:5      | Reached * piety under Yredelemnul
  6217 | D:5      | Killed from afar by a shadow imp

Skill      XL: |  1  2  3  4  5  6  7 |
---------------+----------------------+-----
Summonings     | 5 6 7 8 |  8.0
Spellcasting   | 3 4 5 |  5.2
Dodging        | |  2.1
Stealth        | |  2.0

Action                   |  1- 3 |  4- 6 |  7- 9 || total
-------------------------+-------+-------+-------++-------
Melee: Dagger            |    74 |   131 |    44 ||   249
       Unarmed           |    11 |       |       ||    11
       Peck              |    16 |    26 |     7 ||    49
       Kick              |    11 |    33 |    10 ||    54
 Fire: Hunting sling     |       |    42 |     4 ||    46
Throw: Stone             |     4 |     4 |     2 ||    10
 Cast: Summon Small Mamm |    14 |     4 |     3 ||    21
       Call Imp          |     6 |     8 |     6 ||    20
       Call Canine Famil |       |     8 |     6 ||    14
       Summon Guardian G |       |       |     3 ||     3
  Use: Scroll            |       |     6 |       ||     6
 Stab: Sleeping          |     2 |     5 |     1 ||     8
       Distracted        |     1 |     2 |     2 ||     5
  Eat: Chunk             |     5 |     1 |     2 ||     8
       Ration            |       |     3 |       ||     3
Armor: Robe              |    19 |    23 |    15 ||    57
Dodge: Dodged            |    56 |    93 |    37 ||   186
